 Dungeon Crawl Stone Soup version 0.28.0-45-g0d030f2227 (webtiles) character file.

Game seed: 5622293274070183694

129 MisterFreud the Cudgeller (level 4, -4/37 HPs)
             Began as a Palentonga Fighter on Apr 11, 2022.
             Was a Follower of Sif Muna.
             Slain by a gnoll
             ... wielding a +0 spear
              (5 damage)
             ... on level 3 of the Dungeon.
             The game lasted 00:02:34 (2200 turns).

MisterFreud the Cudgeller (Palentonga Fighter)      Turns: 2200, Time: 00:02:34

Health: -4/37      AC:  6    Str: 19    XL:     4   Next: 88%
Magic:  4/4        EV:  7    Int:  8    God:    Sif Muna [*.....]
Gold:   130        SH:  4    Dex: 12    Spells: 3/3 levels left

rFire   . . .      SeeInvis +   a - +0 flail
rCold   . . .      Faith    .   c - +0 buckler
rNeg    . . .      Spirit   .   b - +0 scale mail
rPois   .          Reflect  .   (no helmet)
rElec   .          Harm     .   (no cloak)
rCorr   .          Rampage  .   (no gloves)
Will    .....                   (no barding)
Stlth   ..........              (no amulet)
HPRegen 0.12/turn               (no ring)
MPRegen 0.09/turn               (no ring)

@: no status effects
A: large, rugged brown scales 3, see invisible, deformed body, roll 1, armoured
tail
a: Rolling Charge, Renounce Religion, Channel Magic


You were on level 3 of the Dungeon.
You worshipped Sif Muna.
Sif Muna was aware of your devotion.
You visited 1 branch of the dungeon, and saw 3 of its levels.

You collected 130 gold pieces.

Inventory:

Hand Weapons
 a - a +0 flail (weapon)
Armour
 b - a +0 scale mail (worn)
 c - a +0 buckler (worn)
Scrolls
 e - 2 scrolls of fear {unknown}
 f - 2 scrolls of identify {unknown}
 g - a scroll of silence {unknown}
Potions
 d - a potion of might
 h - 2 potions of attraction {unknown}
 i - a potion of flight {unknown}


   Skills:
 - Level 3.0 Fighting
 + Level 5.1 Maces & Flails
 - Level 2.4 Armour
 - Level 2.4 Shields


You had 3 spell levels left.
You didn't know any spells.
Your spell library contained the following spells:

 Spells                   Type           Power      Damage    Failure   Level
 Sandblast                Erth           0%         2d4       86%         1
 Passwall                 Tmut/Erth      0%         N/A       94%         2
 Stone Arrow              Conj/Erth      0%         3d7       99%         3


Dungeon Overview and Level Annotations

Branches:
Dungeon (3/15)

Altars:
Sif Muna


Innate Abilities, Weirdness & Mutations

You are completely covered in rugged brown scales. (AC +3, +7% HP)
You have supernaturally acute eyesight. (SInv)
Armour fits poorly on your strangely shaped body.
You can roll at nearby foes to attack.
You have a long armoured tail.


Message History

The gnoll shouts!
You hear a shout!
A gnoll comes into view. It is wielding a +0 halberd.
There are monsters nearby!
You roll forward with a clatter of scales!
A gnoll comes into view. It is wielding a +0 spear.
The gnoll shouts!
You hit the gnoll.
The gnoll is moderately wounded.
The gnoll hits you with a +0 spear.
You hit the gnoll.
The gnoll is heavily wounded.
The gnoll closely misses you. The gnoll hits you with a +0 spear.
You closely miss the gnoll.
The gnoll is heavily wounded.
The gnoll barely misses you.
You hit the gnoll. You tail-slap the gnoll.
You kill the gnoll!
Sif Muna accepts your kill. The gnoll barely misses you.
The gnoll hits you but does no damage.
Your Maces & Flails skill increases to level 5!
Found an escape hatch in the ceiling.
Found a stone staircase leading up.
The gnoll hits you with a +0 halberd! The gnoll hits you with a +0 spear.
You are too injured to fight recklessly!
You thump the gnoll!
The gnoll is almost dead.
You block the gnoll's attack. The gnoll hits you with a +0 spear!
* * * LOW HITPOINT WARNING * * *
You block the gnoll's attack.
You barely miss the gnoll.
The gnoll is almost dead.
The gnoll hits you but does no damage. You block the gnoll's attack.
The gnoll hits you with a +0 spear.
* * * LOW HITPOINT WARNING * * *
You sock the gnoll!
You kill the gnoll!
Sif Muna accepts your kill. The gnoll hits you with a +0 spear.
* * * LOW HITPOINT WARNING * * *
The gnoll hits you with a +0 spear.
You die...

###..#.#.###.....#....÷....#
#...##.#.....#####..÷÷.÷.8##
#)#)##.###...# ##.8...8.#
............## #########
##.#......#.# #.#......#.###
#.#......#...##
#.#......###..#########
#.#...[..# ##).@.......
..#......# #..g.......
###......# #..........
#......# #..........
.####### #........<.
........... ##..........
#.......<..


You could see a gnoll.

Vanquished Creatures
  Jessica (D:3)
  2 gnolls (D:3)
  An adder (D:2)
  A worm (D:2)
  2 dart slugs
  4 endoplasms
  3 giant cockroaches
  6 goblins
  5 hobgoblins
  6 jackals
  3 quokkas
  8 ball pythons
  8 bats
  3 frilled lizards
  4 kobolds
  6 rats
63 creatures vanquished.

Vanquished Creatures (others)
  A rat (D:1)
1 creature vanquished.

Grand Total: 64 creatures vanquished

Notes
Turn   | Place    | Note
-------+----------+-------------------------------------------
     0 | D:1      | MisterFreud the Palentonga Fighter began the quest for the
                  | Orb.
     0 | D:1      | Reached XP level 1. HP: 19/19 MP: 1/1
    91 | D:1      | Reached XP level 2. HP: 25/25 MP: 2/2
   264 | D:1      | Reached skill level 3 in Maces & Flails
  1132 | D:2      | Reached XP level 3. HP: 31/31 MP: 3/3
  1453 | D:2      | Reached skill level 4 in Maces & Flails
  1880 | D:3      | Noticed Jessica
  1883 | D:3      | Killed Jessica
  1884 | D:3      | Reached XP level 4. HP: 37/37 MP: 4/4
  2135 | D:3      | Found a faded altar of an unknown god.
  2144 | D:3      | Prayed at the altar of an unknown god.
  2144 | D:3      | Became a worshipper of Sif Muna the Loreminder
  2144 | D:3      | Reached * piety under Sif Muna
  2196 | D:3      | Reached skill level 5 in Maces & Flails
  2199 | D:3      | HP: 1/37 [gnoll/+0 spear (4)]
  2200 | D:3      | Slain by a gnoll

Illustrated notes

Levels and vault maps discovered:
D:1:      dpeg_arrival_line_fractal, layout_loops_ring, minmay_misc_feat_cross,
          lemuel_flame_loot_1
D:2:      cheibrodos_old_hovel, layout_basic, minmay_pentomino_pile
D:3:      layout_rooms, xom_butterflies, mainiacjoe_overflow_cross_hatched,
          shapermc_ecumenical_altar_pompeii, uniq_jessica

Skill      XL: |  1  2  3  4 |
---------------+-------------+-----
Maces & Flails | 3 4 5 |  5.1
Fighting       | |  3.0
Armour         | |  2.4
Shields        | |  2.4

Action                   |  1- 3 |  4- 6 || total
-------------------------+-------+-------++-------
Melee: Flail             |   106 |    45 ||   151
       Tailslap          |     9 |     9 ||    18
 Abil: Rolling Charge    |    32 |     8 ||    40
Armor: Scale mail        |    35 |    14 ||    49
Dodge: Dodged            |    35 |    15 ||    50
Block: Buckler           |    16 |     7 ||    23
